 Dungeon Crawl Stone Soup version 0.19.1-1-g22dce08 (webtiles) character file.

115 grippygecko the Conjurer (level 5, -7/35 HPs)
             Began as a Human Conjurer on Jan 17, 2017.
             Killed from afar by Sigmund (9 damage)
             ... with a puff of flame
             ... on level 2 of the Dungeon.
             The game lasted 00:32:00 (1832 turns).

grippygecko the Conjurer (Human Conjurer)           Turns: 1832, Time: 00:32:00

Health: -7/35      AC:  2    Str:  9    XL:     5   Next: 20%
Magic:  1/8        EV: 13    Int: 16    God:
Gold:   16         SH:  0    Dex: 13    Spells: 2 memorised, 4 levels left

rFire  . . .     SeeInvis .     f - +0 dagger (elec)
rCold  . . .     Gourm    .     a - +0 robe
rNeg   . . .     Faith    .     (no shield)
rPois  .         Spirit   .     (no helmet)
rElec  .         Reflect  .     (no cloak)
rCorr  .         Harm     .     (no gloves)
MR     .....                    (no boots)
Stlth  ++........               (no amulet)
                                (no ring)
                                (no ring)

@: no status effects
A: no striking features
a: no special abilities


You were on level 2 of the Dungeon.
You were not hungry.

You visited 1 branch of the dungeon, and saw 2 of its levels.

You collected 16 gold pieces.

Inventory:

Hand Weapons
 f - a +0 dagger of electrocution (weapon)
Armour
 a - a +0 robe (worn)
Jewellery
 e - a +2 ring of dexterity {unknown}
Scrolls
 i - a scroll of enchant weapon {unknown}
 j - a scroll of teleportation {unknown}
 k - 2 scrolls of identify {unknown}
 l - a scroll of remove curse {unknown}
 m - a scroll of fog {unknown}
 o - a scroll of noise {unknown}
Potions
 d - a potion of magic {unknown}
 p - a potion of mutation {unknown}
Books
 b - a book of Conjurations

   Spells                             Type                      Level
   a - Magic Dart                     Conjuration                  1
   b - Searing Ray                    Conjuration                  2
   c - Dazzling Spray                 Conjuration/Hexes            3
   d - Fulminant Prism                Conjuration/Hexes            4
   e - Iskenderun's Mystic Blast      Conjuration                  4
   f - Iskenderun's Battlesphere      Conjuration/Charms           5
Comestibles
 c - a bread ration
 g - a meat ration
 h - 4 fruits
 n - 2 chunks of flesh


   Skills:
 + Level 0.2 Fighting
 + Level 2.4 Dodging
 + Level 2.4 Stealth
 + Level 0.2 Unarmed Combat
 + Level 2.3 Spellcasting
 + Level 5.4 Conjurations


You had 4 spell levels left.
You knew the following spells:

 Your Spells              Type           Power        Failure   Level  Hunger
a - Magic Dart            Conj           ###.         1%          1    #......
b - Dazzling Spray        Conj/Hex       ##....       21%         3    ###....


Dungeon Overview and Level Annotations

Branches:
Dungeon (2/15)

Altars:

Annotations:
D:2 Sigmund


Message History

Casting: Magic Dart
Confirm with . or Enter, or press ? or * to list all spells.
Aiming: Magic Dart
Press: ? - help, Shift-Dir - straight line The magic dart hits something.
Something hits you. Something hits you.
You hit something. You closely miss something. Something hits you!
You hit something but do no damage. Something barely misses you.
You barely miss something. You closely miss something. Something hits you.
Casting: Magic Dart
Confirm with . or Enter, or press ? or * to list all spells.
Aiming: Dazzling Spray
Press: ? - help, Shift-Dir - straight line The spray of energy hits something.
Something hits you!
* * * LOW HITPOINT WARNING * * *
A puff of flame appears from out of thin air!
The puff of flame hits you!
You die...

.# .# *##############
.###...).........#
.....###########.#
...........#####.#
#...######.......#######
#....................<.#
....############.#####)#
...## #@# #.# .###
#.#####.## #* #...(....#
#.#####..# #.# #..# #.#
#..# #####.# #..#
#.....# #..# #.#####
#..#


There were no monsters in sight!

Vanquished Creatures
  Terence (D:2)
  Natasha (twice) (D:2)
  An ooze (D:1)
  2 worms (D:2)
  A leopard gecko (D:1)
  3 bats
  A giant cockroach (D:2)
  7 goblins
  4 hobgoblins
  2 kobolds (D:1)
  3 frilled lizards
  4 rats
31 creatures vanquished.

Notes
Turn   | Place    | Note
-------+----------+-------------------------------------------
     0 | D:1      | grippygecko the Human Conjurer began the quest for the Orb.
     0 | D:1      | Reached XP level 1. HP: 13/13 MP: 3/3
   253 | D:1      | Reached XP level 2. HP: 19/19 MP: 0/5
   746 | D:2      | Reached XP level 3. HP: 22/24 MP: 2/6
   786 | D:2      | Learned a level 3 spell: Dazzling Spray
   994 | D:2      | Noticed Terence
  1021 | D:2      | Noticed Natasha
  1058 | D:2      | Killed Natasha
  1058 | D:2      | Reached skill level 5 in Conjurations
  1058 | D:2      | Reached XP level 4. HP: 7/30 MP: 1/7
  1299 | D:2      | Killed Terence
  1533 | D:2      | Noticed Natasha
  1545 | D:2      | Killed Natasha
  1545 | D:2      | Reached XP level 5. HP: 19/35 MP: 3/8
  1815 | D:2      | Noticed Sigmund
  1826 | D:2      | HP: 1/35 [something (13)]
  1832 | D:2      | Killed from afar by Sigmund

Skill      XL: |  1  2  3 |
---------------+----------+-----
Conjurations   | 5 |  5.4
Fighting       | |  0.2
Dodging        | |  2.4
Stealth        | |  2.4
Unarmed Combat | |  0.2
Spellcasting   | |  2.3

Action                   |  1- 3 |  4- 6 || total
-------------------------+-------+-------++-------
Melee: Dagger            |    30 |    18 ||    48
       Unarmed           |     4 |       ||     4
 Cast: Magic Dart        |    42 |    29 ||    71
       Dazzling Spray    |       |     2 ||     2
  Use: Scroll            |     2 |       ||     2
  Eat: Chunk             |     1 |     3 ||     4
Armor: Robe              |     4 |     2 ||     6
Dodge: Dodged            |    16 |     6 ||    22
